AoeStats
← ivcrk826

Lombardia

509359779Analyzed
3v3 RM · 5d ago on Sep 26, 2026· 50m 34s· 6 players
Game mode
Random Map
Map size
Normal (6 player)
Population
200
Speed
Normal
Resources
Standard
Victory
Conquest
Starting age
Dark Age
Ending age
Imperial Age
RankedLock teamsTeams togetherTeam positionsShared explorationLock speedFull tech treeHidden civsTurbo modeCheats
Victory
Defeat
🇬🇧 Georgians · United Kingdom
1906
+2
🇬🇧 Khmer · United Kingdom
1773
+4
🇬🇧 Aztecs · United Kingdom
1662
+6
🇨🇳 Romans · China
1577
-7
🇦🇷 Ethiopians · Argentina
1396
-3
🇬🇧 Turks · United Kingdom
1330
-2
Chris Pelham
9:53 Loom
12:35 Feudal Age
16:15 Castle Age
14:48 Double-Bit Axe
14:44 Horse Collar
17:35 Bow Saw
20:50 Heavy Plow
28:54 Fletching
35:44 Wheelbarrow
38:06 Imperial Age
36:05 Town Watch
36:17 Bodkin Arrow
36:16 Gold Mining
36:29 Scale Mail Armor
36:40 Forging
38:09 Chain Mail Armor
38:51 Iron Casting
37:59 Treadmill Crane
38:14 Murder Holes
38:30 Fortified Wall
39:02 Gold Shaft Mining
38:59 Hand Cart
39:32 Crop Rotation
39:35 Plate Mail Armor
39:32 Stone Mining
41:21 Blast Furnace
40:53 Caravan
41:35 Garland Wars
40:46 Elite Jaguar Warrior
43:16 Fortified Wall
43:49 Conscription
47:27 Bodkin Arrow
47:54 Ballistics
48:35 Chemistry
47:41 Siege Engineers
49:48 Bracer
49:20 Capped Ram
50:41 Coinage
Rgeadn
10:58 Feudal Age
14:51 Castle Age
13:00 Double-Bit Axe
13:17 Gold Mining
13:53 Fletching
16:11 Bow Saw
22:44 Wheelbarrow
21:54 Loom
23:14 Town Watch
23:10 Horse Collar
23:21 Stone Mining
24:23 Hand Cart
24:35 Town Patrol
25:55 Bodkin Arrow
27:11 Heavy Plow
28:14 Guard Tower
28:25 Padded Archer Armor
29:24 Ballistics
29:38 Fortified Wall
29:24 Murder Holes
29:43 Masonry
29:47 Treadmill Crane
30:18 Fortified Wall
36:44 Imperial Age
34:23 Svan Towers
36:56 Stone Shaft Mining
37:40 Bracer
38:02 Conscription
38:19 Keep
38:44 Chemistry
38:09 Arrowslits
40:36 Architecture
40:54 Sappers
42:00 Hoardings
41:53 Guilds
41:52 Caravan
43:29 Coinage
44:56 Banking
47:18 Crop Rotation
Crouch
5:43 Loom
8:03 Feudal Age
8:45 Double-Bit Axe
10:00 Horse Collar
19:11 Castle Age
20:27 Bow Saw
22:40 Wheelbarrow
21:51 Town Watch
22:34 Heavy Plow
28:32 Gold Mining
28:59 Hand Cart
32:46 Imperial Age
30:50 Bloodlines
30:40 Husbandry
31:45 Scale Barding Armor
33:06 Chain Barding Armor
32:57 Forging
33:21 Elite Battle Elephant
34:40 Tusk Swords
35:33 Conscription
35:53 Plate Barding Armor
35:55 Iron Casting
35:29 Caravan
37:42 Blast Furnace
39:43 Coinage
40:23 Crop Rotation
42:09 Banking
Advanced Farming Research Centre
8:14 Loom
10:21 Feudal Age
18:34 Forging
24:06 Castle Age
23:13 Bloodlines
23:00 Double-Bit Axe
23:00 Horse Collar
25:27 Iron Casting
24:55 Husbandry
26:01 Scale Barding Armor
28:08 Chain Barding Armor
28:45 Heavy Plow
33:31 Bow Saw
34:13 Wheelbarrow
33:48 Gold Mining
36:50 Imperial Age
38:12 Heavy Camel Rider
39:29 Plate Barding Armor
43:41 Stone Mining
44:32 Gold Shaft Mining
ivcrk826
8:41 Loom
10:59 Feudal Age
11:27 Feudal Age
18:42 Castle Age
18:18 Gold Mining
18:16 Double-Bit Axe
18:58 Crossbowman
19:44 Fletching
20:54 Bodkin Arrow
29:32 Horse Collar
31:37 Bow Saw
32:51 Wheelbarrow
36:49 Imperial Age
34:55 Stone Mining
35:56 Gold Shaft Mining
35:29 Thumb Ring
36:07 Ballistics
36:37 Fortified Wall
36:55 Halberdier
36:57 Arbalester
37:40 Bracer
39:15 Conscription
42:06 Chemistry
46:12 Masonry
uchida_inori
11:39 Feudal Age
9:57 Loom
11:42 Feudal Age
16:15 Castle Age
15:10 Horse Collar
15:18 Double-Bit Axe
17:37 Bow Saw
18:30 Scale Barding Armor
22:15 Wheelbarrow
24:56 Hand Cart
25:19 Chain Barding Armor
25:10 Forging
26:55 Husbandry
27:05 Bloodlines
28:19 Iron Casting
28:47 Gold Mining
30:18 Gold Shaft Mining
30:04 Stone Mining
36:06 Imperial Age
35:49 Heavy Plow
37:32 Plate Barding Armor
36:18 Cavalier
38:24 Blast Furnace
39:03 Squires
39:31 Capped Ram
40:54 Scale Mail Armor
40:16 Pikeman
41:54 Conscription
41:58 Comitatenses
41:41 Heavy Scorpion
42:14 Siege Ram
45:33 Light Cavalry
Connection lost

Rejoining the realm…

Still unreachable

The connection could not be restored.

Session expired

The server has moved on; the page needs a fresh start.